 Dungeon Crawl Stone Soup version 0.30.0-11-gf55b779eaf (webtiles) character file.

Game seed: 17988329038476610402

66 wingedge the Stinger (level 4, -2/27 HPs)
             Began as an Octopode Venom Mage on May 16, 2023.
             Was an Initiate of Gozag.
             Slain by an ufetubus (4 damage)
             ... on level 4 of the Dungeon.
             The game lasted 00:08:30 (3080 turns).

wingedge the Stinger (Octopode Venom Mage)          Turns: 3080, Time: 00:08:31

Health: -2/27      AC:  1    Str:  7    XL:     4   Next: 15%
Magic:  1/8        EV: 13    Int: 19    God:    Gozag
Gold:   96         SH:  0    Dex: 18    Spells: 3/9 levels left

rFire   . . .        a - +2 short sword (elec)
rCold   . . .        (no shield)
rNeg    . . .        (helmet restricted)
rPois   .            (no amulet)
rElec   .            i - +6 ring of dexterity
rCorr   .            (no ring)
SInv    .            (no ring)
Will    .....        (no ring)
Stlth   +++          (no ring)
HPRegen 0.24/turn    (no ring)
MPRegen 0.11/turn    (no ring)
                     (no ring)

%: no passive effects
@: very slightly contaminated
A: almost no armour, amphibious, 8 rings, camouflage 1, gelatinous body 1,
(nimble swimmer 1), tentacles
a: Renounce Religion, Potion Petition, Call Merchant, Bribe Branch


You were on level 4 of the Dungeon.
You worshipped Gozag.
Gozag was noncommittal.
You visited 1 branch of the dungeon, and saw 4 of its levels.

You collected 151 gold pieces.
You paid 55 gold pieces to Gozag.

Inventory:

Hand Weapons
 a - a +2 short sword of electrocution (weapon)
 b - a +0 sling
 p - a +0 dagger
Missiles
 j - 2 poisoned darts
 k - a throwing net
 q - 2 atropa-tipped darts
 r - 3 javelins (quivered)
Jewellery
 i - a +6 ring of dexterity (left tentacle)
Scrolls
 e - a scroll of vulnerability {unknown}
 g - a scroll of magic mapping {unknown}
 l - a scroll of butterflies {unknown}
 m - a scroll of identify {unknown}
 n - a scroll of enchant armour {unknown}
 o - a scroll of torment {unknown}
Potions
 c - a potion of lignification {unknown}
 d - a potion of invisibility {unknown}
 f - a potion of magic
 h - 2 potions of curing {unknown}


   Skills:
 + Level 0.8 Throwing
 - Level 2.0 Dodging
 - Level 2.6 Stealth
 - Level 3.0 Spellcasting
 - Level 1.0 Conjurations
 - Level 1.0 Transmutations
 + Level 1.6 Air Magic
 - Level 4.0 Poison Magic


You had 3 spell levels left.
You knew the following spells:

 Your Spells              Type           Power      Damage    Failure   Level
a - Sting                 Tmut/Pois      48%        1d5       5%          1
b - Poisonous Vapours     Pois/Air       26%        N/A       8%          2
c - Mephitic Cloud        Conj/Pois/Air  11%        N/A       19%         3

Your spell library contained the following spells:

 Spells                   Type           Power      Damage    Failure   Level
 Hailstorm                Conj/Ice       4%         3d4       36%         3
 Olgreb's Toxic Radiance  Pois           18%        N/A       28%         4
 Ice Form                 Ice/Tmut       4%         N/A       77%         4
 Simulacrum               Ice/Necr       Unusable   N/A       N/A         6

Dungeon Overview and Level Annotations

Branches:
Dungeon (4/15)
 Temple: D:4-7

Altars:
Gozag

Annotations:
D:2 1 runed translucent door, Crazy Yiuf


Innate Abilities, Weirdness & Mutations

You cannot wear most types of armour.
You are amphibious.
You can wear up to eight rings at the same time.
Your skin changes colour to match your surroundings (Stealth+).
Your rubbery body absorbs attacks. (AC +1, EV +1)
((You are camouflaged when in or above water. (Stealth+)))
You have tentacles for arms and can constrict up to eight enemies at once.


Message History

Press: ? - help, Shift-Dir - straight line, f/p - ufetubus
Aim: an ufetubus (heavily wounded, poisoned, 53% to hit)
The sting misses the ufetubus.
The ufetubus hits you. x2
The ufetubus closely misses you. The ufetubus hits you.
Casting: Sting (safe; 5% risk of failure)
Confirm with . or Enter, or press ? or * to list all spells.
Aiming: Sting (safe; 5% risk of failure)
Press: ? - help, Shift-Dir - straight line, f/p - ufetubus
Aim: an ufetubus (heavily wounded, poisoned, 53% to hit)
The sting hits the ufetubus.
The ufetubus looks even sicker.
The ufetubus is almost dead.
The ufetubus misses you. The ufetubus barely misses you.
Casting: Sting (safe; 5% risk of failure)
Confirm with . or Enter, or press ? or * to list all spells.
Aiming: Sting (safe; 5% risk of failure)
Press: ? - help, Shift-Dir - straight line, f/p - ufetubus
Aim: an ufetubus (almost dead, very poisoned, 53% to hit)
The sting misses the ufetubus.
The ufetubus hits you. x2
The ufetubus misses you. The ufetubus completely misses you.
Casting: Sting (safe; 5% risk of failure)
Confirm with . or Enter, or press ? or * to list all spells.
Aiming: Sting (safe; 5% risk of failure)
Press: ? - help, Shift-Dir - straight line, f/p - ufetubus
Aim: an ufetubus (almost dead, very poisoned, 53% to hit)
The sting misses the ufetubus.
The ufetubus barely misses you. The ufetubus hits you.
Casting: Sting (safe; 5% risk of failure)
Confirm with . or Enter, or press ? or * to list all spells.
Aiming: Sting (safe; 5% risk of failure)
Press: ? - help, Shift-Dir - straight line, f/p - ufetubus
Aim: an ufetubus (almost dead, very poisoned, 53% to hit)
You miscast Sting.
Nothing appears to happen.
The ufetubus hits you.
* * * LOW HITPOINT WARNING * * *
The ufetubus hits you.
* * * LOW HITPOINT WARNING * * *
The ufetubus hits you.
* * * LOW HITPOINT WARNING * * *
The ufetubus hits you.
You die...
Your body crumbles into a pile of gold.

[...PP .. #.# #.♣..♣ .
## .. ..... #. .⌠..#
#... #. /♣.$# #..#
#..#♣...# #..#
.####$#....########..###
........5..#<....(.....#
#######@########....##.#
.!.!........###........#
########._..#...######.#
#....#.#.# # ##.......#
##......# #.>....#
#....#.# #....#...


You could see an ufetubus (very poisoned).

Vanquished Creatures
  A shadow imp (D:4)
  An ufetubus (D:4)
  2 dart slugs (D:1)
  3 orcs
  4 ball pythons
  5 endoplasms
  2 giant cockroaches (D:1)
  3 goblins
  3 hobgoblins
  2 jackals (D:2)
  4 kobolds
  2 quokkas
  5 bats
  2 frilled lizards
  7 rats
46 creatures vanquished.

Notes
Turn   | Place    | Note
-------+----------+-------------------------------------------
     0 | D:1      | wingedge the Octopode Venom Mage began the quest for the
                  | Orb.
     0 | D:1      | Reached XP level 1. HP: 11/11 MP: 3/3
    92 | D:1      | Reached skill level 4 in Poison Magic
   154 | D:1      | Reached XP level 2. HP: 17/17 MP: 0/5
   415 | D:1      | Learned a level 2 spell: Poisonous Vapours
   850 | D:1      | Reached XP level 3. HP: 21/21 MP: 2/7
   901 | D:1      | Learned a level 3 spell: Mephitic Cloud
  1087 | D:1      | Reached skill level 1 in Air Magic
  1494 | D:2      | Found a runed translucent door.
  1495 | D:2      | Noticed Crazy Yiuf
  2910 | D:3      | Reached skill level 1 in Conjurations
  2989 | D:4      | Reached XP level 4. HP: 22/27 MP: 4/8
  3046 | D:4      | Found an opulent altar of Gozag.
  3059 | D:4      | Became a worshipper of Gozag Ym Sagoz the Greedy
  3080 | D:4      | Slain by an ufetubus

Illustrated notes

Levels and vault maps discovered:
D:1:      evilmike_arrival_plus, layout_basic, glass_columns_a
D:2:      layout_basic, uniq_crazy_yiuf_cottage
D:3:      layout_loops_ring
D:4:      layout_basic, nicolae_gozag_seed_capital, serial_demonic,
          serial_demonic_b, serial_demonic_e, serial_demonic_b,
          serial_demonic_b, serial_demonic_e, serial_shops,
          nicolae_shop_tiny_real_fake_doors, serial_bayou_pond_a,
          minmay_mini_ossuary

Skill      XL: |  1  2  3 |
---------------+----------+-----
Poison Magic   | 4 |  4.0
Air Magic      | 1 |  1.6
Spellcasting   | 3 |  3.0
Conjurations   | 1 |  1.0
Throwing       | |  0.8
Dodging        | |  2.0
Stealth        | |  2.6
Transmutations | |  1.0

Action                     |  1- 3 |  4- 6 || total
---------------------------+-------+-------++-------
  Melee: Unarmed           |     2 |       ||     2
         Constrict         |     1 |       ||     1
         Short sword       |     2 |     2 ||     4
         Whip              |     1 |       ||     1
  Throw: Javelin           |     2 |       ||     2
         Throwing net      |     1 |       ||     1
   Cast: Sting             |    72 |     8 ||    80
         Mephitic Cloud    |     1 |       ||     1
         Poisonous Vapours |     1 |       ||     1
 Armour: Skin              |     2 |       ||     2
  Dodge: Dodged            |    13 |     8 ||    21
